[Event "Team 45 45 League T26"]
[Site "Internet Chess Club"]
[Date "2005.04.29"]
[Round "6"]
[White "ChessicStudent"]
[Black "Colonel-Klutz"]
[Result "0-1"]
[WhiteElo "1469"]
[BlackElo "1472"]
[TimeControl "2700+45"]

1. Nf3 d5 2. g3 Nc6 3. Bg2 e5 4. d3 Nf6 5. O-O Bc5 6. Nbd2 O-O 7. e4 Bg4 8. Qe1
dxe4 9. dxe4 Qd7 10. Nc4 Rfe8 11. Bd2 Bh3 12. Rd1 Bxg2 13. Kxg2 Qg4 14. Ng5 h6
15. f3 Qh5 16. Nh3 Nd4 17. c3 Nc2 18. Qe2 Rad8 19. Be3 Nxe3+ 20. Nxe3 Qg6 21.
Nf2 Nh5 22. Qc4 Nf4+ 23. Kg1 Bxe3 24. Qxc7 Bxf2+ 25. Kxf2 Nd3+ 26. Ke2 Qa6 27.
Ke3 f5 28. a3 f4+ 29. Ke2 {White resigns} 0-1

[Event "Team 45 45 League T26"]
[Site "Internet Chess Club"]
[Date "2005.04.26"]
[Round "6"]
[White "billarvola"]
[Black "Catalog"]
[Result "1-0"]
[WhiteElo "2029"]
[BlackElo "2111"]
[TimeControl "2700+45"]

1. d4 Nf6 2. c4 g6 3. Nc3 Bg7 4. e4 d6 5. Nf3 O-O 6. Be2 e5 7. O-O Nc6 8. d5 Ne7
9. Ne1 Nd7 10. f3 f5 11. g4 Kh8 12. Nd3 Ng8 13. Qe1 a6 14. Qg3 f4 15. Qg2 Bf6
16. Bd2 Rf7 17. Be1 h5 18. h3 Rh7 19. Bf2 hxg4 20. fxg4 Bh4 21. Bf3 Qg5 22. Rfc1
b6 23. b4 Bb7 24. Nd1 Re8 25. c5 bxc5 26. bxc5 Bxf2+ 27. N1xf2 Ndf6 28. Rab1 Bc8
29. cxd6 cxd6 30. Rc6 Rd8 31. Rb8 Ne7 32. Rxa6 Kg7 33. Ra7 Kf7 34. Nb2 Nd7 35.
Rb5 Nc5 36. Nc4 Bd7 37. Nxd6+ Kf8 38. Rxc5 {Black resigns} 1-0

[Event "Team 45 45 League T26"]
[Site "Internet Chess Club"]
[Date "2005.04.24"]
[Round "6"]
[White "nminwalla"]
[Black "Aldos"]
[Result "1-0"]
[WhiteElo "1894"]
[BlackElo "2014"]
[TimeControl "2700+45"]

1. e4 d5 2. exd5 Qxd5 3. Nc3 Qd6 4. d4 Nf6 5. Nf3 a6 6. Be3 Bf5 7. Bc4 Nbd7 8.
Qe2 e6 9. O-O-O Be7 10. Nh4 Bg6 11. Nxg6 hxg6 12. d5 e5 13. Kb1 b5 14. Bxb5 O-O
15. Bc6 Rab8 16. b3 Qb4 17. Na4 Bd6 18. h4 Nc5 19. Bxc5 Bxc5 20. Nxc5 Qxc5 21.
Qxe5 Ng4 22. Qd4 Qxd4 23. Rxd4 f5 24. f3 Ne3 25. g3 Rf7 26. Re1 f4 27. gxf4 Ng2
28. Ree4 Nxh4 29. d6 Kh7 30. d7 Rd8 31. Re8 {Black resigns} 1-0

[Event "Team 45 45 League T26"]
[Site "Internet Chess Club"]
[Date "2005.04.24"]
[Round "6"]
[White "KnightedByQueen"]
[Black "az2112"]
[Result "1-0"]
[WhiteElo "1670"]
[BlackElo "1639"]
[TimeControl "2700+45"]

1. e4 c5 2. Nf3 d6 3. d4 cxd4 4. Nxd4 Nf6 5. Nc3 a6 6. Be3 e5 7. Nb3 Be6 8. Nd5
Nxd5 9. exd5 Bf5 10. g4 Bg6 11. h4 h6 12. h5 Bh7 13. Qd2 Be7 14. O-O-O Bg5 15.
f4 exf4 16. Bxf4 O-O 17. Bxg5 Qxg5 18. Qxg5 hxg5 19. Bd3 Nd7 20. h6 Bxd3 21.
Rxd3 Nf6 22. hxg7 Kxg7 23. Rd4 Rh8 24. Rg1 Rh4 25. Nd2 Rah8 26. Nf3 Rh1 27. Kd2
Rxg1 28. Nxg1 Rh4 29. Nf3 Rxg4 30. Rxg4 Nxg4 31. Nxg5 Kf6 32. Nf3 Ne5 33. Nxe5
Kxe5 34. c4 Kd4 35. b3 f5 36. Kc2 Ke3 37. c5 f4 38. cxd6 f3 39. d7 f2 40. d8=Q
f1=Q 41. Qb6+ Ke4 42. Qb4+ Kxd5 43. Qxb7+ Kd4 44. Qb6+ Kd5 45. Qa5+ Kd4 46. Qc3+
Kd5 47. Qd3+ Qxd3+ 48. Kxd3 Kc5 49. a3 Kb5 50. Kc3 Kc5 51. Kd3 Kb5 52. Kd4 a5
53. Kd5 Kb6 54. a4 {Black resigns} 1-0

[Event "Team 45 45 League T26"]
[Site "Internet Chess Club"]
[Date "2005.04.23"]
[Round "6"]
[White "softbunney"]
[Black "StrayLite"]
[Result "0-1"]
[WhiteElo "2055"]
[BlackElo "1990"]
[TimeControl "2700+45"]

1. d4 d5 2. c4 e6 3. Nc3 Be7 4. Nf3 Nf6 5. Bg5 h6 6. Bh4 O-O 7. e3 b6 8. Bd3 Bb7
9. O-O Nbd7 10. Rc1 c5 11. b3 Ne4 12. Bxe7 Qxe7 13. Qc2 Ndf6 14. cxd5 Nxc3 15.
Qxc3 Nxd5 16. Qb2 cxd4 17. Nxd4 Rac8 18. a3 Rfd8 19. b4 Qf6 20. Rxc8 Rxc8 21.
Rc1 Qd8 22. Bb5 a6 23. Ba4 Rxc1+ 24. Qxc1 Qc7 25. Qa1 Qc3 26. Qxc3 Nxc3 27. Bc2
Kf8 28. Kf1 Ke7 29. g3 Kd6 30. f3 g6 31. Kf2 e5 32. Nb3 Bd5 33. Nd2 a5 34. Bd3
axb4 35. axb4 Nd1+ 36. Ke2 Nc3+ 37. Ke1 b5 38. e4 Be6 39. Nb1 Na2 40. Bxb5 Nxb4
41. Kd2 Kc5 42. Be8 g5 43. Nc3 f6 44. g4 Bc4 45. Na4+ Kd4 46. Nb6 Be6 47. Bd7
Bf7 48. Bf5 Be8 49. Nc8 Kc5 50. Bh7 Nc6 51. Bg8 Bd7 52. Ke3 Bxc8 53. Bd5 Nd4 54.
Kf2 Be6 55. Ba8 Bc4 56. Kg3 Be2 57. h4 Bxf3 58. hxg5 hxg5 59. Kf2 {White
resigns} 0-1

[Event "Team 45 45 League T26"]
[Site "Internet Chess Club"]
[Date "2005.04.24"]
[Round "6"]
[White "kabindra"]
[Black "Akaineco"]
[Result "1/2-1/2"]
[WhiteElo "1789"]
[BlackElo "2032"]
[TimeControl "2700+45"]

1. e4 c5 2. Nf3 e6 3. d4 cxd4 4. Nxd4 a6 5. a3 Qc7 6. Nc3 b5 7. Bd3 Bb7 8. O-O
Nf6 9. Bg5 Bc5 10. Bxf6 gxf6 11. Nde2 Nc6 12. Ng3 h5 13. Nxh5 O-O-O 14. h3 Rdg8
15. Kh1 f5 16. exf5 Ne5 17. Be4 d5 18. Bd3 Nxd3 19. cxd3 d4 20. Ne4 exf5 21. Rc1
fxe4 22. b4 Rg5 23. Rxc5 Rxc5 24. bxc5 Qxc5 25. Qg4+ Kb8 26. Nf6 Ka8 27. Nxe4
Qxa3 28. Qg7 Rxh3+ 29. gxh3 Qxd3 30. Qf8+ Ka7 31. Qc5+ Ka8 32. Qf8+ Ka7 33. Qc5+
Ka8 {Game drawn by mutual agreement} 1/2-1/2

[Event "Team 45 45 League T26"]
[Site "Internet Chess Club"]
[Date "2005.04.24"]
[Round "6"]
[White "Knight77"]
[Black "DocHoliday"]
[Result "0-1"]
[WhiteElo "1789"]
[BlackElo "1917"]
[TimeControl "2700+45"]

1. Nf3 Nf6 2. g3 g6 3. Bg2 Bg7 4. O-O O-O 5. d3 d6 6. Nbd2 Nc6 7. e4 e5 8. Re1
Nh5 9. Nf1 f5 10. Bg5 Bf6 11. h4 f4 12. c3 Bg4 13. N1h2 Bxf3 14. Nxf3 fxg3 15.
fxg3 Nxg3 16. Qb3+ Kg7 17. Qxb7 Qd7 18. Bxf6+ Kxf6 19. d4 Rab8 20. dxe5+ Nxe5
21. Nxe5 dxe5 22. Qa6+ Rb6 23. Qa3 Kg7 24. Re3 Nh5 25. c4 Qd4 26. Rb1 Nf4 27.
Bf1 Rfb8 28. Qc3 Qxc3 29. Rxc3 Rxb2 30. Rb3 Rxb1 31. Ra3 R8b2 32. Rg3 Ne2+
{White resigns} 0-1

[Event "Team 45 45 League T26"]
[Site "Internet Chess Club"]
[Date "2005.04.22"]
[Round "6"]
[White "six-killer"]
[Black "CraigCKlein"]
[Result "0-1"]
[WhiteElo "1753"]
[BlackElo "1800"]
[TimeControl "2700+45"]

1. e4 c5 2. Nf3 e6 3. d4 cxd4 4. Nxd4 a6 5. Bd3 Bc5 6. Nb3 Ba7 7. Qe2 Nc6 8. O-O
d6 9. Be3 Nf6 10. Bxa7 Rxa7 11. c4 b6 12. Nc3 Rd7 13. f4 Qc7 14. Rae1 O-O 15. e5
dxe5 16. fxe5 Qxe5 17. Qxe5 Nxe5 18. Bxh7+ Kxh7 19. Rxe5 Bb7 20. Rd1 Rxd1+ 21.
Nxd1 Ng4 22. Re1 Rc8 23. h3 Nf6 24. Ne3 Be4 25. Rd1 Rc7 26. Rd6 Nd7 27. Nd2 Bc6
28. b4 Kg8 29. a3 Kf8 30. Nb3 Ke7 31. Rd2 Ba4 32. Nd4 Ne5 33. b5 axb5 34. Nxb5
Bxb5 35. cxb5 Rc1+ 36. Kf2 Ra1 37. Nc2 Ra2 38. Ke1 Nc4 39. Re2 Nxa3 40. Nxa3
Rxa3 41. Rc2 Rb3 42. Rc7+ Kf6 43. Rb7 Rxb5 44. Ke2 Rb2+ 45. Kf3 b5 46. g3 Rb3+
47. Kf2 Kg6 48. Kg2 f6 49. g4 e5 50. Rb6 Kg5 51. Rb7 g6 52. Rb6 Rb2+ 53. Kg3
Rb3+ 54. Kg2 b4 {White resigns} 0-1

[Event "Team 45 45 League T26"]
[Site "Internet Chess Club"]
[Date "2005.04.23"]
[Round "6"]
[White "ears"]
[Black "Wevey"]
[Result "1/2-1/2"]
[WhiteElo "1744"]
[BlackElo "1869"]
[TimeControl "2700+45"]

1. a3 d5 2. g3 e5 3. Bg2 Nf6 4. d3 Be7 5. e3 O-O 6. Ne2 Re8 7. O-O Bf5 8. f3 Nc6
9. Nd2 Bc5 10. Nb3 Bb6 11. Bd2 Qd7 12. Qc1 e4 13. fxe4 dxe4 14. d4 Bh3 15. Qe1
Ne7 16. Nf4 Bxg2 17. Kxg2 Ned5 18. Nxd5 Nxd5 19. Qe2 c6 20. Rab1 Nf6 21. c3 Rac8
22. Na1 Red8 23. Nc2 Qg4 24. Qxg4 Nxg4 25. h3 Ne5 26. Rf4 Nc4 27. Bc1 Re8 28. b3
Nd6 29. c4 Bc7 30. Rf1 Re6 31. Bd2 Rg6 32. Be1 h5 33. h4 Bd8 34. Kh3 Rg4 35. Rf4
Rxf4 36. gxf4 b5 37. c5 Nb7 38. b4 a5 39. Bg3 axb4 40. axb4 Ra8 41. Ra1 Rxa1 42.
Nxa1 f6 43. Nb3 f5 44. Nd2 Be7 45. Be1 Kf7 46. Nb1 Ke6 47. Nc3 Nd8 48. Bg3 Nf7
49. Be1 Nh6 50. Bd2 Ng4 51. Kg3 Nf6 52. Kh3 Nd5 53. Nb1 Nc7 54. Nc3 Nd5 55. Nb1
Nf6 56. Nc3 Nd5 {Game drawn by repetition} 1/2-1/2

[Event "Team 45 45 League T26"]
[Site "Internet Chess Club"]
[Date "2005.04.25"]
[Round "6"]
[White "az2112"]
[Black "Budzo"]
[Result "1-0"]
[WhiteElo "1658"]
[BlackElo "1690"]
[TimeControl "2700+45"]

1. Nf3 d5 2. d4 Nf6 3. Bg5 e6 4. e3 c5 5. c3 Nc6 6. Nbd2 Be7 7. h3 Nd7 8. Bf4
O-O 9. Rc1 c4 10. Be2 Bf6 11. e4 dxe4 12. Nxe4 b5 13. Nxf6+ Nxf6 14. Bg5 Bb7 15.
O-O h6 16. Bh4 Re8 17. Ne5 Nxe5 18. dxe5 Qxd1 19. Rfxd1 Nd5 20. Bf3 a6 21. Rd4
Rab8 22. Rcd1 Rec8 23. Be2 Rc7 24. Bg3 Bc6 25. Bf3 Rbb7 26. Be4 Rd7 27. b3 cxb3
28. axb3 Ne7 29. Bxc6 Rxd4 30. Rxd4 Nxc6 31. Rd6 Rc7 32. f4 Ne7 33. Be1 Nd5 34.
Rxa6 Nxc3 35. Rb6 Ne2+ 36. Kf2 Nxf4 37. Rxb5 Rc2+ 38. Kf3 Nxg2 39. Bf2 {Black
resigns} 1-0

[Event "Team 45 45 League T26"]
[Site "Internet Chess Club"]
[Date "2005.04.26"]
[Round "6"]
[White "Irvin"]
[Black "fledermaus"]
[Result "0-1"]
[WhiteElo "1769"]
[BlackElo "1960"]
[TimeControl "2700+45"]

1. e4 c6 2. d4 d5 3. Nc3 dxe4 4. Nxe4 Bf5 5. Ng3 Bg6 6. h4 h6 7. Nf3 Nd7 8. h5
Bh7 9. Bd3 Bxd3 10. Qxd3 Ngf6 11. Bf4 Qa5+ 12. Bd2 Qc7 13. O-O-O e6 14. Ne4
O-O-O 15. g3 Nxe4 16. Qxe4 Bd6 17. c4 c5 18. Bc3 cxd4 19. Nxd4 Nc5 20. Qc2 a6
21. Rhe1 Be7 22. Kb1 Bf6 23. f4 Rhe8 24. Nf3 Bxc3 25. Qxc3 Rxd1+ 26. Rxd1 Rd8
27. Rxd8+ Qxd8 28. Qd4 Qxd4 29. Nxd4 Ne4 30. Ne2 Nd2+ 31. Kc2 Nxc4 32. Kc3 Nd6
33. g4 Ne4+ 34. Kd4 Nf6 35. g5 Nxh5 36. gxh6 gxh6 37. Ke5 Kd7 38. Nc3 f6+ 39.
Ke4 Ng3+ 40. Kf3 Nf5 41. Ne4 Ke7 42. Nc5 Nd6 43. Kg4 a5 44. Kh5 b6 45. Na4 b5
46. Nc5 e5 47. fxe5 fxe5 48. Kxh6 Kf6 49. b4 a4 50. Kh5 Kf5 51. Kh4 Ne4 52. Nd3
Nc3 53. a3 Nb1 54. Kg3 Ke4 55. Nc5+ Ke3 56. Ne6 Nxa3 57. Nc7 e4 58. Kg4 Kd2 59.
Kf4 e3 60. Ne6 e2 61. Nd4 Nc2 62. Nf3+ Kc3 63. Ke4 e1=Q+ 64. Nxe1 Nxe1 65. Ke3
a3 66. Ke2 a2 67. Kd1 a1=Q+ 68. Ke2 Nd3 69. Ke3 Qe1+ 70. Kf3 Kd4 71. Kg4 Qe5 72.
Kf3 Qf4+ 73. Ke2 Qf2+ 74. Kd1 Ne1 75. Kc1 Qc2# {White checkmated} 0-1

[Event "Team 45 45 League T26"]
[Site "Internet Chess Club"]
[Date "2005.04.23"]
[Round "6"]
[White "Winclick"]
[Black "Aquaman"]
[Result "1/2-1/2"]
[WhiteElo "1694"]
[BlackElo "1645"]
[TimeControl "2700+45"]

1. d4 Nf6 2. c4 d6 3. Nc3 c6 4. e4 Qc7 5. d5 e5 6. Bg5 Nbd7 7. Nge2 Be7 8. Ng3
h6 9. Be3 Nf8 10. h3 Ng6 11. Qd2 O-O 12. Be2 Nh7 13. Bg4 Bg5 14. Nf5 Bxe3 15.
Qxe3 Bxf5 16. Bxf5 Ne7 17. O-O Nxf5 18. exf5 Nf6 19. f4 Rfe8 20. Rae1 exf4 21.
Qxf4 Qb6+ 22. Qf2 Qc7 23. Rxe8+ Nxe8 24. Ne4 cxd5 25. cxd5 Qa5 26. Qd4 Qxa2 27.
g4 Qa6 28. Qc3 Qb6+ 29. Kg2 Qd8 30. Qg3 Rc8 31. Rf2 Rc4 32. Nc3 Nf6 33. Rf4 Qc8
34. Rxc4 Qxc4 35. Qxd6 Qb3 36. Qa3 Qc2+ 37. Kf3 Qd3+ 38. Kg2 Nxd5 39. Nxd5 Qxd5+
40. Kg3 a6 41. Qc3 Qd6+ 42. Kh4 Qd8+ 43. Kg3 Qd6+ 44. Kh4 {Game drawn by mutual
agreement} 1/2-1/2

[Event "Team 45 45 League T26"]
[Site "Internet Chess Club"]
[Date "2005.04.24"]
[Round "6"]
[White "KaissaXiaolin"]
[Black "bmw2002"]
[Result "1/2-1/2"]
[WhiteElo "1502"]
[BlackElo "1667"]
[TimeControl "2700+45"]

1. d4 Nf6 2. Nc3 d5 3. e4 dxe4 4. f3 e6 5. fxe4 Be7 6. Nf3 O-O 7. Bd3 c5 8. e5
Nfd7 9. Be3 cxd4 10. Bxd4 Nc6 11. Qe2 Nxd4 12. Nxd4 Nc5 13. Rd1 f5 14. exf6 Bxf6
15. Bxh7+ Kxh7 16. Nxe6 Bxc3+ 17. bxc3 Nxe6 18. Rxd8 Rxd8 19. Qh5+ Kg8 20. O-O
Bd7 21. Qf7+ Kh7 22. Qh5+ Kg8 23. Qf7+ Kh7 24. Qh5+ {Game drawn by mutual
agreement} 1/2-1/2

[Event "Team 45 45 League T26"]
[Site "Internet Chess Club"]
[Date "2005.04.22"]
[Round "6"]
[White "Zyme"]
[Black "ToledoKid"]
[Result "0-1"]
[WhiteElo "1570"]
[BlackElo "1643"]
[TimeControl "2700+45"]

1. d4 d5 2. c4 c6 3. Nf3 dxc4 4. a4 Nf6 5. e3 Bg4 6. Bxc4 Nbd7 7. Nc3 e5 8. Be2
Bxf3 9. Bxf3 Bb4 10. Qb3 Bxc3+ 11. bxc3 Qb6 12. Rb1 Qxb3 13. Rxb3 O-O-O 14. Ba3
a5 15. O-O Kc7 16. Rfb1 Rb8 17. c4 exd4 18. exd4 Rhe8 19. Kf1 Ne4 20. Bc1 g5 21.
Bg4 h6 22. Bxd7 Kxd7 23. Rxb7+ Rxb7 24. Rxb7+ Ke6 25. Rb6 Kd7 26. Ra6 Rb8 27.
Ra7+ Ke6 28. Be3 Nc3 29. g3 Rb4 30. Rxa5 Rxc4 31. Re5+ Kd7 32. a5 Nd5 33. Ke2
Ra4 34. Kf3 f6 35. Rf5 Ke6 36. g4 Rxa5 37. h4 h5 38. gxh5 Kxf5 39. h6 Nxe3 40.
fxe3 gxh4 41. h7 Ra8 42. e4+ Kg5 43. d5 cxd5 44. exd5 Kg6 45. Ke4 Kxh7 46. Kf5
h3 47. Ke6 h2 48. Ke7 h1=Q 49. d6 Ra7+ 50. d7 Rxd7+ 51. Kxd7 Qe1 52. Kc7 Qd1 53.
Kc6 Kg7 54. Kc5 Kf7 {White resigns} 0-1

[Event "Team 45 45 League T26"]
[Site "Internet Chess Club"]
[Date "2005.04.26"]
[Round "6"]
[White "Ser-Enigma"]
[Black "DeepHmmm"]
[Result "0-1"]
[WhiteElo "2029"]
[BlackElo "2244"]
[TimeControl "2700+45"]

1. e4 c5 2. Nf3 e6 3. d4 cxd4 4. Nxd4 Nc6 5. Nc3 Qc7 6. Ndb5 Qb8 7. a4 a6 8. Na3
Qc7 9. Be3 b6 10. Be2 Nf6 11. f4 Bb4 12. Bf3 d5 13. exd5 exd5 14. Bxd5 Nxd5 15.
Qxd5 Be6 16. Qe4 O-O 17. O-O Rfe8 18. f5 Bb3 19. Qd3 Rxe3 20. Qxe3 Bc5 21. Qxc5
bxc5 22. cxb3 Nd4 23. Nd5 Qb7 24. Nc4 Qxd5 25. Nb6 Qd8 26. Nxa8 Qxa8 27. f6 Qd8
28. fxg7 Kxg7 29. Rad1 Qd5 30. b4 cxb4 31. Kh1 Qe5 32. Rd3 h5 33. Rfd1 Ne6 34.
b3 Nf4 35. Rg3+ Kh6 36. Rf1 Qe2 37. Kg1 h4 38. Rg8 Kh7 39. Rg5 f6 40. Rf2 Qe1+
{White resigns} 0-1

[Event "Team 45 45 League T26"]
[Site "Internet Chess Club"]
[Date "2005.04.25"]
[Round "6"]
[White "Neo-Myshkin"]
[Black "SpanishFly"]
[Result "1-0"]
[WhiteElo "1942"]
[BlackElo "1997"]
[TimeControl "2700+45"]

1. e4 e6 2. d4 d5 3. Nc3 Nf6 4. Bg5 Be7 5. e5 Nfd7 6. h4 c5 7. Bxe7 Kxe7 8. Qg4
Kf8 9. Nf3 cxd4 10. Qxd4 Nc6 11. Qf4 a6 12. O-O-O Qc7 13. Re1 f6 14. Bd3 Ndxe5
15. Nxe5 Nxe5 16. Qg3 Bd7 17. h5 Nxd3+ 18. Qxd3 Qf4+ 19. Kb1 Rc8 20. Qh3 Qc7 21.
h6 g6 22. Qf3 Kf7 23. Re2 Bc6 24. Qg4 Rhe8 25. Rhe1 e5 26. Qb4 d4 27. Qc4+ Re6
28. Nd5 Bxd5 29. Qxd5 Qc6 30. Qb3 g5 31. Qd3 Kg8 32. g4 Qb6 33. Qf5 Rec6 34. Qd7
Qc7 35. Qd5+ Kh8 36. Qf3 b5 37. a3 a5 38. Qf5 Qd6 39. f4 gxf4 40. g5 fxg5 41.
Rxe5 Qg6 42. Qd7 Qxh6 43. Re8+ Rxe8 44. Rxe8+ {Black resigns} 1-0

[Event "Team 45 45 League T26"]
[Site "Internet Chess Club"]
[Date "2005.04.21"]
[Round "6"]
[White "siddhu"]
[Black "Nomad"]
[Result "1-0"]
[WhiteElo "1966"]
[BlackElo "1911"]
[TimeControl "2700+45"]

1. e4 c5 2. c3 d5 3. exd5 Qxd5 4. d4 Nc6 5. Nf3 Bg4 6. Be2 cxd4 7. cxd4 e6 8.
Nc3 Bb4 9. O-O Qd7 10. d5 exd5 11. Nxd5 Bd6 12. Qa4 Nge7 13. Nb6 axb6 14. Qxa8+
Nb8 15. h3 O-O 16. hxg4 Na6 17. Qa7 Qxg4 18. Qxb6 Nf5 19. Bd3 Bc5 20. Qxb7 Ng3
21. Qxa6 Qh5 22. Nh2 f5 23. Qc4+ {Black resigns} 1-0

[Event "Team 45 45 League T26"]
[Site "Internet Chess Club"]
[Date "2005.04.30"]
[Round "6"]
[White "tourettes"]
[Black "Loco-Motif"]
[Result "0-1"]
[WhiteElo "1771"]
[BlackElo "1832"]
[TimeControl "2700+45"]

1. e4 e5 2. Nc3 Nc6 3. g3 Bc5 4. Bg2 h5 5. h3 Nge7 6. d3 a6 7. Nge2 d6 8. Bg5 f6
9. Bd2 g5 10. Qc1 Ng6 11. Nd5 Rf8 12. Be3 Be6 13. Bxc5 dxc5 14. Ne3 Nce7 15. Qd2
c6 16. Qc3 b6 17. a4 a5 18. O-O Qc7 19. Kh2 O-O-O 20. Bf3 h4 21. g4 f5 22. Nc4
fxg4 23. Bxg4 Bxg4 24. hxg4 Rf3 25. Nd2 Rf6 26. Kh3 Nf4+ 27. Nxf4 Rxf4 28. f3
Rdf8 29. Qc4 Kb7 30. Rae1 Qd6 31. Re3 R8f6 32. Qb3 Ka6 33. Nc4 Qc7 34. Nd2 Ng6
35. Qg8 Kb7 36. Qb3 Rf8 37. Qe6 Qf7 38. Qxf7+ R8xf7 39. Nc4 R7f6 40. Nd2 Nf8 41.
Nb3 Ne6 42. c3 Ka6 43. Nc1 Rf8 44. Rf2 b5 45. axb5+ cxb5 46. Na2 b4 47. Kg2 b3
48. Nc1 a4 49. Ne2 R4f7 50. Rf1 Nf4+ 51. Nxf4 Rxf4 52. Rd1 Kb5 53. d4 h3+ 54.
Kg3 exd4 55. cxd4 cxd4 56. Rxd4 Rh8 57. Re2 Rf7 58. e5 Rf4 59. Rxf4 gxf4+ 60.
Kh2 a3 61. bxa3 Ka4 62. e6 Kxa3 63. e7 Re8 64. Kxh3 b2 65. Re1 Ka2 66. Kh4 b1=Q
67. Rxb1 Kxb1 68. Kg5 Kc2 69. Kxf4 Kd3 70. Kg5 Rxe7 71. f4 Ke4 72. Kf6 Ra7 73.
Kg5 Rg7+ 74. Kh5 Kxf4 75. g5 Rxg5+ 76. Kh6 Kf5 77. Kh7 Kf6 78. Kh6 Rg1 79. Kh5
Rg8 80. Kh4 Kf5 81. Kh3 Kf4 {White resigns} 0-1

[Event "Team 45 45 League T26"]
[Site "Internet Chess Club"]
[Date "2005.04.25"]
[Round "6"]
[White "fileman"]
[Black "Beetlejuice"]
[Result "0-1"]
[WhiteElo "1874"]
[BlackElo "1849"]
[TimeControl "2700+45"]

1. e4 e5 2. f4 d5 3. exd5 exf4 4. Nf3 Nf6 5. Bc4 Nbd7 6. d4 Nb6 7. Bxf4 Nxc4 8.
O-O Be7 9. Qe2 Nb6 10. c4 O-O 11. Nbd2 h6 12. Ne5 c6 13. dxc6 Qxd4+ 14. Kh1 Re8
15. Nxf7 Kxf7 16. Bxh6 Bg4 17. Nf3 Bxf3 18. Qxf3 bxc6 19. Qh5+ Kg8 20. Rf4 Nxh5
{White resigns} 0-1

[Event "Team 45 45 League T26"]
[Site "Internet Chess Club"]
[Date "2005.04.24"]
[Round "6"]
[White "camembert"]
[Black "Plattner"]
[Result "0-1"]
[WhiteElo "1806"]
[BlackElo "1905"]
[TimeControl "2700+45"]

1. e4 e6 2. d4 d5 3. Nc3 Bb4 4. Bd2 Ne7 5. Bd3 b6 6. Nf3 Bb7 7. exd5 Bxc3 8.
bxc3 Nxd5 9. c4 Nf6 10. O-O O-O 11. Bg5 h6 12. Bh4 Nbd7 13. Ne5 g5 14. Bg3 Kg7
15. f4 Nxe5 16. dxe5 Qd4+ 17. Kh1 Ne4 18. Qe1 f5 19. exf6+ Rxf6 20. fxg5 Rxf1+
21. Bxf1 Nxg3+ 22. Qxg3 Qxa1 23. gxh6+ Kxh6 24. Qf4+ Kg7 25. Qg5+ Kf7 26. Qh5+
Ke7 27. Qh7+ Kd6 28. Qd3+ Kc5 29. Qa3+ Kc6 30. Qf3+ Kd6 31. Qd3+ Ke7 32. Qh7+
Kf8 33. Qh6+ Qg7 34. Qxe6 Re8 {White resigns} 0-1

[Event "Team 45 45 League T26"]
[Site "Internet Chess Club"]
[Date "2005.04.26"]
[Round "6"]
[White "BillyNoMates"]
[Black "Lug"]
[Result "0-1"]
[WhiteElo "1755"]
[BlackElo "1881"]
[TimeControl "2700+45"]

1. e4 c5 2. Nf3 e6 3. d4 cxd4 4. Nxd4 Nf6 5. Nc3 Nc6 6. Bg5 h6 7. Bh4 Be7 8. f4
Nxe4 9. Bxe7 Nxc3 10. Bxd8 Nxd1 11. Rxd1 Nxd4 12. Rxd4 Kxd8 13. Be2 Ke7 14. c4
b6 15. Bf3 Rb8 16. Kf2 Bb7 17. Rhd1 Rhd8 18. Rd6 Bd5 19. R6xd5 exd5 20. Rxd5
Rbc8 21. b3 Rc5 22. Rd4 Rf5 23. g3 Rf6 24. Bd5 g5 25. Kf3 gxf4 26. gxf4 Rg8 27.
h3 Rg1 28. a4 Rfg6 29. b4 R6g3+ 30. Ke4 Rxh3 31. Bxf7 Kxf7 32. Rxd7+ Ke6 33.
Rxa7 Re1+ 34. Kd4 Rb3 35. c5 Rxb4+ {White resigns} 0-1

[Event "Team 45 45 League T26"]
[Site "Internet Chess Club"]
[Date "2005.04.22"]
[Round "6"]
[White "PostMike"]
[Black "Pawndemonium"]
[Result "1-0"]
[WhiteElo "1453"]
[BlackElo "1653"]
[TimeControl "2700+45"]

1. e4 e5 2. Nf3 Nc6 3. Bc4 Nd4 4. Nxd4 exd4 5. c3 dxc3 6. Nxc3 d6 7. d4 g6 8.
O-O Bg7 9. Qb3 Qe7 10. Nd5 Qd7 11. e5 dxe5 12. dxe5 Ne7 13. Nf6+ Bxf6 14. Bxf7+
Kf8 15. exf6 Nf5 16. Rd1 Nd6 17. Bh6# {Black checkmated} 1-0

[Event "Team 45 45 League T26"]
[Site "Internet Chess Club"]
[Date "2005.04.23"]
[Round "6"]
[White "chesskix"]
[Black "RingLord"]
[Result "0-1"]
[WhiteElo "1476"]
[BlackElo "1568"]
[TimeControl "2700+45"]

1. d4 d5 2. c4 e5 3. dxe5 d4 4. Nf3 Nc6 5. e3 Bb4+ 6. Bd2 dxe3 7. fxe3 Bg4 8.
Be2 Bxf3 9. Bxf3 Nxe5 10. Be2 Bxd2+ 11. Nxd2 Qh4+ 12. g3 Qg5 13. Qa4+ Nc6 14.
Qb3 O-O-O 15. Nf3 Qa5+ 16. Qc3 Qxc3+ 17. bxc3 Nf6 18. O-O Rhe8 19. Nd4 Na5 20.
Nf5 g6 21. Nh6 Rxe3 22. Rxf6 Rxe2 23. Nxf7 Rdd2 24. Ng5 Rg2+ 25. Kf1 Rxh2 26.
Rf8+ Kd7 27. Rf7+ Ke8 28. Re1+ Kd8 29. Rf8+ Kd7 30. Rf7+ Kc6 31. Re6+ Rd6 32. c5
Rxe6 33. Nxe6 Kd5 34. Nf4+ Kxc5 35. Rxc7+ Kb5 36. Nd3 Kb6 37. Re7 Nc6 38. Rf7 g5
39. a4 g4 40. Nf2 Ne5 41. Rg7 h5 42. Ke2 Rg2 43. Rh7 Rxg3 44. Rxh5 Nc6 45. Rh6
Rxc3 46. Nxg4 Ra3 47. Ne5 Rxa4 48. Nxc6 bxc6 49. Kd2 Rc4 50. Kd3 Kb5 51. Rh7 a5
52. Rb7+ Kc5 53. Rb3 a4 54. Ra3 Kb5 55. Ra1 c5 56. Rb1+ Rb4 57. Ra1 c4+ 58. Kc3
Rb3+ 59. Kc2 Kb4 60. Rh1 a3 61. Rh8 Rb2+ 62. Kc1 Kc3 63. Rh3+ Kb4 64. Rh8 Rg2
65. Rb8+ Kc3 66. Kb1 Rb2+ 67. Kc1 {White resigns} 0-1

[Event "Team 45 45 League T26"]
[Site "Internet Chess Club"]
[Date "2005.04.25"]
[Round "6"]
[White "allanchs"]
[Black "Joyoyo"]
[Result "1-0"]
[WhiteElo "1619"]
[BlackElo "1641"]
[TimeControl "2700+45"]

1. e4 c5 2. Nf3 d6 3. d4 cxd4 4. Nxd4 Nf6 5. Nc3 a6 6. Be3 Bd7 7. Be2 Nc6 8. O-O
b5 9. a3 e6 10. f4 Qc7 11. Bf3 Nxd4 12. Bxd4 e5 13. fxe5 dxe5 14. Bf2 Be7 15.
Nd5 Nxd5 16. exd5 Bd6 17. Qd2 O-O 18. Rae1 Rac8 19. c3 Rfe8 20. Bg3 Bf5 21. Be4
Bxe4 22. Rxe4 Qc5+ 23. Kh1 a5 24. Qg5 Qxd5 25. Rd4 Qc5 26. Rg4 g6 27. Qf6 Re6
28. Qxf7+ Kh8 29. Qxe6 Rf8 30. Rxf8+ Bxf8 31. Qxe5+ Qxe5 32. Bxe5+ Kg8 {Black
resigns} 1-0

[Event "Team 45 45 League T26"]
[Site "Internet Chess Club"]
[Date "2005.04.24"]
[Round "6"]
[White "TheBrewer"]
[Black "crankn8tr"]
[Result "1-0"]
[WhiteElo "1544"]
[BlackElo "1521"]
[TimeControl "2700+45"]

1. d4 Nf6 2. Nf3 g6 3. c3 Bg7 4. Bg5 O-O 5. Nbd2 c5 6. e3 cxd4 7. exd4 Qb6 8.
Qb3 Qxb3 9. axb3 Nc6 10. Bd3 Re8 11. b4 d5 12. b5 Nb8 13. b6 a6 14. Ra3 Nbd7 15.
Rb3 e5 16. dxe5 Nxe5 17. Nxe5 Rxe5+ 18. Be3 Ng4 19. Nf3 Re8 20. Kd2 Nxe3 21.
fxe3 Bg4 22. Nd4 f5 23. h3 Bh5 24. Rg1 f4 25. g4 fxg3 26. Rxg3 Be5 27. Rg2 Rf8
28. c4 Bf3 29. Rg5 Rae8 30. c5 Bf6 31. Rg3 Be4 32. Bxe4 dxe4 33. Rg4 h5 34.
Rxg6+ Kh7 35. Rg2 Rd8 36. Rb4 Kh6 37. Ke2 Bxd4 38. Rxd4 Rg8 39. Rxg8 Rxg8 40.
Kf2 Rc8 41. Rc4 Rc6 42. Kg3 Kg5 43. b4 h4+ 44. Kh2 Kf5 45. Rc3 Rg6 46. Ra3 Rc6
47. Rxa6 bxa6 48. b7 {Black resigns} 1-0

[Event "Team 45 45 League T26"]
[Site "Internet Chess Club"]
[Date "2005.04.25"]
[Round "6"]
[White "ogoon"]
[Black "AlPearson"]
[Result "1/2-1/2"]
[WhiteElo "1602"]
[BlackElo "1433"]
[TimeControl "2700+45"]

1. e4 e6 2. d4 d5 3. Nd2 Nf6 4. e5 Nfd7 5. f4 c5 6. c3 Nc6 7. Ngf3 Qb6 8. Nb3 a5
9. a4 cxd4 10. Nbxd4 Bc5 11. b3 O-O 12. Ba3 Re8 13. Bxc5 Qxc5 14. Qc2 f6 15.
exf6 Nxf6 16. O-O-O b6 17. Bb5 Bd7 18. Ne5 Nxd4 19. Rxd4 Bxb5 20. axb5 Qxb5 21.
h4 Ne4 22. c4 Qc5 23. Rhd1 a4 24. bxa4 Rec8 25. Qb3 dxc4 26. Rxc4 Qe7 27. Rxc8+
Rxc8+ 28. Kb2 Nc5 29. Rc1 Qxh4 30. Nd3 Nxd3+ 31. Qxd3 Qf2+ 32. Kb1 Rxc1+ 33.
Kxc1 Qc5+ 34. Qc2 Qxc2+ 35. Kxc2 Kf7 36. Kc3 Ke7 37. Kd4 Kd6 38. Kc4 Kc6 39. Kd4
Kd6 40. Kc4 h6 41. Kb5 Kc7 42. Kc4 Kc6 43. Kd4 Kd6 44. g3 g5 45. fxg5 hxg5 46.
g4 e5+ 47. Ke4 Kc5 48. Kxe5 Kb4 49. Kf5 Kxa4 50. Kxg5 b5 51. Kf4 b4 52. g5 b3
53. g6 b2 54. g7 b1=Q 55. g8=Q Qf1+ 56. Ke3 Qh3+ 57. Kd4 Qh4+ 58. Kc5 Qb4+ 59.
Kc6 Qb5+ 60. Kd6 {Game drawn by mutual agreement} 1/2-1/2